 Dungeon Crawl Stone Soup version 0.27-a0-1200-g94dc6ad4cf (webtiles) character file.

Game seed: 120841358643618380

5 bande the Covered (level 1, -3/14 HPs)
             Began as a Gargoyle Fighter on May 31, 2021.
             Slain by a kobold
             ... wielding a +1 short sword of speed
              (5 damage)
             ... on level 1 of the Dungeon.
             The game lasted 00:00:12 (64 turns).

bande the Covered (Gargoyle Fighter)                  Turns: 64, Time: 00:00:13

Health: -3/14      AC:  9    Str: 19    XL:     1   Next: 80%
Magic:  1/1        EV:  7    Int:  8    God:
Gold:   0          SH:  9    Dex:  9    Spells: 0/0 levels left

rFire    . . .     SeeInvis .   a - +0 war axe
rCold    . . .     Faith    .   c - +0 kite shield
rNeg     + . .     Spirit   .   b - +0 scale mail
rPois    ∞         Reflect  .   (no helmet)
rElec    +         Harm     .   (no cloak)
rCorr    .         Rampage  .   (no gloves)
Will     .....                  (no boots)
Stlth    ..........             (no amulet)
HPRegen  0.04/turn              (no ring)
MPRegen  0.07/turn              (no ring)

@: no status effects
A: sickness immunity, AC +2, negative energy resistance 1, electricity
resistance, torment resistance 1, petrification resistance
a: no special abilities


You were on level 1 of the Dungeon.
You visited 1 branch of the dungeon, and saw 1 of its levels.

Inventory:

Hand Weapons
 a - a +0 war axe (weapon)
Armour
 b - a +0 scale mail (worn)
 c - a +0 kite shield (worn)
Potions
 d - a potion of might


   Skills:
 + Level 3.4 Fighting
 + Level 1.9 Axes
 + Level 3.4 Armour
 + Level 3.3 Shields


You couldn't memorise any spells.
You didn't know any spells.
Your spell library was empty.

Dungeon Overview and Level Annotations

Branches:
Dungeon (1/15)

Altars:


Innate Abilities, Weirdness & Mutations

You are immune to sickness and miasma.
Your stone body is resilient. (AC +2)
You are immune to poison.
You resist negative energy. (rN+)
You are resistant to electric shocks. (rElec)
You are resistant to unholy torment.
You are immune to petrification.


Message History

You hit the frilled lizard. The endoplasm freezes you.
You are frozen.
You block the frilled lizard's attack.
A goblin comes into view. It is wielding a +0 club.
The endoplasm freezes you.
You are frozen.
The frilled lizard bites you.
You are too injured to fight recklessly!
You are too injured to fight recklessly!
You are too injured to fight recklessly!
You are too injured to fight recklessly!
You are too injured to fight recklessly!
You are too injured to fight recklessly!
You are too injured to fight recklessly!
You are too injured to fight recklessly!
You are too injured to fight recklessly!
You slash the endoplasm!
You kill the endoplasm!
You closely miss the rat. The rat bites you.
The rat bites you but does no damage.
You closely miss the rat. The rat barely misses you.
You block the rat's attack.
You hit the rat.
The rat is heavily wounded.
The rat bites you.
* * * LOW HITPOINT WARNING * * *
You slash the rat!
You kill the rat!
You block the kobold's attack.
Your shield prevents you from hitting the kobold.
You block the kobold's attack. x3
You closely miss the kobold. You block the kobold's attack. x2
You hit the kobold but do no damage. The kobold barely misses you.
The kobold hits you with a +1 short sword of speed.
* * * LOW HITPOINT WARNING * * *
You block the kobold's attack.
You miss the kobold. You block the kobold's attack.
The kobold hits you but does no damage.
You barely miss the kobold.
The kobold hits you with a +1 short sword of speed.
You die...

##.........# # #..........#
.. #.......†..#####
##.########......##......##
..........'......''......'.
##......###......##...)..##
##......###########...†....
#..........# ######.##
#.########@# #....... #
#######K# ##++###'
......gl# #.......
.......g..K.... #.......
######..####### #.......
#.$# #.#..... .... #.#.....
..... #....... .....
#.......


You could see a hobgoblin, a goblin, a kobold and a frilled lizard.

Vanquished Creatures
  An endoplasm (D:1)
  2 jackals (D:1)
  A ball python (D:1)
  A rat (D:1)
5 creatures vanquished.

Notes
Turn   | Place    | Note
-------+----------+-------------------------------------------
     0 | D:1      | bande the Gargoyle Fighter began the quest for the Orb.
     0 | D:1      | Reached XP level 1. HP: 14/14 MP: 1/1
    64 | D:1      | Slain by a kobold

Illustrated notes

Levels and vault maps discovered:
D:1:      lemuel_arrival_behind_the_door_large, layout_basic

Action                   || total
-------------------------++-------
Melee: War axe           ||    16
Armor: Scale mail        ||     3
Dodge: Dodged            ||     3
Block: Kite shield       ||    15

Table legend: (Time is in decaauts)
 A = Elapsed time spent in this place.
 B = Non-inter-level travel time spent in this place.
 C = Inter-level travel time spent in this place.
 D = Time resting spent in this place.
 E = Time spent auto-exploring this place.
 F = Levels seen in this place.
 G = Mean time per level.
                   A        B        C        D        E       F      G
               +--------+--------+--------+--------+--------+-----+--------+
         Total |     73 |     73 |      0 |      0 |     38 |   1 |   73.0 |
       Dungeon |     73 |     73 |      0 |      0 |     38 |   1 |   73.0 |
               +--------+--------+--------+--------+--------+-----+--------+

Top non-repeatable levels by time:
     D:1: 73 daAuts
